 Dungeon Crawl Stone Soup version 0.21.1-1-g345015fe64 (webtiles) character file.

109 Morbidden the Chopper (level 4, -1/35 HPs)
             Began as a Demonspawn Fighter on June 12, 2018.
             Succumbed to a scorpion's poison
             ... on level 3 of the Dungeon.
             The game lasted 00:05:37 (1743 turns).

Morbidden the Chopper (Demonspawn Fighter)          Turns: 1743, Time: 00:05:37

Health: -1/35      AC:  7    Str: 17    XL:     4   Next: 60%
Magic:  4/4        EV:  6    Int: 10    God:
Gold:   59         SH:  8    Dex: 12    Spells: 3/3 levels left

rFire    . . .     SeeInvis .   g - +1 whip (freeze)
rCold    . . .     Gourm    .   c - +0 shield
rNeg     . . .     Faith    .   b - +0 scale mail
rPois    .         Spirit   .   (no helmet)
rElec    .         Reflect  .   (no cloak)
rCorr    .         Harm     .   m - +0 pair of gloves
MR       .....                  (no boots)
Stlth    ..........             (no amulet)
HPRegen  0.11/turn              (no ring)
MPRegen  0.09/turn              (no ring)

@: lethally poisoned (-1 -> -34)
A: spiny 1
a: no special abilities


You were on level 3 of the Dungeon.
You were not hungry.

You visited 1 branch of the dungeon, and saw 3 of its levels.

You collected 59 gold pieces.

Inventory:

Hand Weapons
 a - a +0 war axe
 g - a +1 whip of freezing (weapon)
Missiles
 h - 4 tomahawks (quivered)
 r - 6 javelins
Armour
 b - a +0 scale mail (worn)
 c - a +0 shield (worn)
 m - a +0 pair of gloves (worn)
Jewellery
 q - an uncursed ring of resist corrosion {unknown}
Wands
 k - a wand of flame (18)
Scrolls
 e - a scroll of random uselessness {unknown}
 i - a scroll of teleportation {unknown}
 o - a scroll of fear {unknown}
 s - a scroll of identify {unknown}
Potions
 d - a potion of might
 n - a potion of agility {unknown}
Comestibles
 f - 7 rations
 p - a chunk of flesh


   Skills:
 - Level 3.0 Fighting
 + Level 4.4 Axes
 - Level 2.6 Armour
 - Level 2.6 Shields


You had 3 spell levels left.
You didn't know any spells.

Dungeon Overview and Level Annotations

Branches:
Dungeon (3/15)

Altars:
Ashenzari
Dithmenos
Wu Jian


Innate Abilities, Weirdness & Mutations

You are partially covered in sharp spines.


Message History

You closely miss the scorpion.
The scorpion is severely wounded.
* * * LOW HITPOINT WARNING * * *
You feel sick. The scorpion stings you.
* * * LOW HITPOINT WARNING * * *
You are more poisoned.
The scorpion poisons you!
Unknown command.
Unknown command.
It was a potion of brilliance.
You feel clever all of a sudden.
* * * LOW HITPOINT WARNING * * *
You feel very sick.
The scorpion stings you but does no damage.
Unknown command.
It was a potion of cancellation.
Your magical effects are unravelling.
You feel magically purged.
You feel a little less clever now.
You die...

.. . ..... ........
#............# #.....
#..##.#.##.#.## #.#.#.
#..........#..# #.
#...#.#.##....#### #. #
#...#.#............ #.#. #.#
#............(......#.#.
##.#.#...#.#.#..#.#.####.#.##
+...........@s...............
##.#.##..#.#.#..#.#.####.#.##
.......†#########.#.. #.#.##
........# ##_## #....###.#...
.#...##.##8...8##............
........##.....##.....##.#.##
.....##.#8.....8##..#.##.#.#.
........##.....##..........'.
.#...##.# ##..#..###.#†


You could see a scorpion.

Vanquished Creatures
  3 adders
  A worm (D:2)
  A dart slug (D:2)
  3 leopard geckos (D:1)
  A ball python (D:3)
  2 giant cockroaches
  7 goblins
  6 hobgoblins
  6 jackals
  11 kobolds
  A quokka (D:2)
  16 bats
  4 frilled lizards
  11 rats
73 creatures vanquished.

Notes
Turn   | Place    | Note
-------+----------+-------------------------------------------
     0 | D:1      | Morbidden the Demonspawn Fighter began the quest for the Orb.
     0 | D:1      | Reached XP level 1. HP: 18/18 MP: 1/1
     9 | D:1      | Reached skill level 2 in Axes
    49 | D:1      | Gained mutation: You are partially covered in sharp spines. [demonic ancestry]
    49 | D:1      | Reached XP level 2. HP: 19/24 MP: 2/2
   193 | D:1      | Reached skill level 3 in Axes
   366 | D:1      | Reached XP level 3. HP: 27/29 MP: 3/3
  1239 | D:2      | Reached skill level 4 in Axes
  1239 | D:2      | Reached XP level 4. HP: 35/35 MP: 4/4
  1316 | D:2      | Found a shadowy altar of Dithmenos.
  1436 | D:2      | You fall through a shaft!
  1550 | D:3      | Found a shattered altar of Ashenzari.
  1717 | D:3      | Found an ornate altar of the Wu Jian Council.
  1742 | D:3      | HP: 1/35 [poisoned by a scorpion]
  1743 | D:3      | Succumbed to a scorpion's poison

Skill      XL: |  1  2  3 |
---------------+----------+-----
Axes           | 2 3 4 |  4.4
Fighting       | |  3.0
Armour         | |  2.6
Shields        | |  2.6

Action                   |  1- 3 |  4- 6 || total
-------------------------+-------+-------++-------
Melee: War axe           |    18 |       ||    18
       Whip              |    81 |    63 ||   144
Throw: Tomahawk          |       |     1 ||     1
  Use: Potion            |       |     2 ||     2
  Eat: Chunk             |     1 |     2 ||     3
Armor: Scale mail        |    47 |    23 ||    70
Dodge: Dodged            |    28 |     9 ||    37
Block: Shield            |    42 |    32 ||    74
